[Event "Titled Tuesday Blitz January 31 Late 2023"]
[White "Winterberg, Lukas"]
[Black "Kozak, Adam"]
[WhiteFideId "24622702"]
[BlackFideId "753246"]
[WhiteElo "2402"]
[BlackElo "2572"]
[Result "0-1"]
[Round "01"]
[TimeControl "180+2"]
[Date "2023.01.31"]
[WhiteClock "0:00:39"]
[BlackClock "0:00:35"]

1. Nf3 c5 2. e4 a6 3. c3 b5 4. d4 cxd4 5. cxd4 Bb7 6. Bd3 e6 7. O-O Nc6 8. a3 Na5 9. b4 Nc4 10. Nbd2 Rc8 11. d5 Nf6 12. Re1 a5 13. d6 axb4 14. axb4 Qb6 15. e5 Ng4 16. Qe2 f6 17. Bxc4 bxc4 18. Nxc4 Qxf2+ 19. Qxf2 Nxf2 20. Nb6 Rc6 21. Kxf2 Rxb6 22. Be3 Rxb4 23. Rf1 fxe5 24. Nxe5 Bxd6 25. Nd3 Rb3 26. Ke2 Rf8 27. Rfb1 Rxb1 28. Rxb1 Be4 29. Rb6 Bxd3+ 30. Kxd3 Bxh2 31. Bc5 Rf5 32. Bd4 Rd5 0-1


[Site "https://www.chess.com"]

[Event "Titled Tuesday Blitz January 31 Late 2023"]
[White "Terletsky, Oleg"]
[Black "Abdrlauf, Elham"]
[WhiteFideId "14116774"]
[BlackFideId "1533533"]
[WhiteElo "2160"]
[BlackElo "2518"]
[Result "0-1"]
[Round "01"]
[TimeControl "180+2"]
[Date "2023.01.31"]
[WhiteClock "0:01:07"]
[BlackClock "0:02:25"]

1. e4 c6 2. d4 d5 3. Nc3 dxe4 4. Nxe4 Nf6 5. Nxf6+ exf6 6. c3 Bd6 7. Bd3 O-O 8. Qc2 Re8+ 9. Ne2 h5 10. Be3 Nd7 11. O-O-O Nf8 12. c4 Be6 13. Nc3 Rc8 14. Ne4 Ng6 15. Nxd6 Qxd6 16. b3 b5 17. c5 Qd7 18. h3 a5 19. g4 h4 20. Bxg6 fxg6 21. Qxg6 a4 22. b4 Bxa2 23. g5 Bf7 24. Qd3 f5 25. g6 Bd5 26. Rhg1 a3 27. Kb1 Be4 0-1


[Site "https://www.chess.com"]

[Event "Titled Tuesday Blitz January 31 Late 2023"]
[White "Viana Da Costa, Fernando"]
[Black "Dominguez Perez, Leinier"]
[WhiteFideId "2111900"]
[BlackFideId "3503240"]
[WhiteElo "2228"]
[BlackElo "2739"]
[Result "0-1"]
[Round "01"]
[TimeControl "180+2"]
[Date "2023.01.31"]
[WhiteClock "0:01:42"]
[BlackClock "0:01:39"]

1. e4 Nf6 2. e5 Nd5 3. d4 d6 4. Bc4 Nb6 5. Bb3 dxe5 6. Qh5 e6 7. dxe5 a5 8. c3 Qd3 9. Qe2 Qxe2+ 10. Kxe2 N8d7 11. f4 Nc5 12. Bc2 Bd7 13. Nf3 Bb5+ 14. Kf2 Nd3+ 15. Bxd3 Bxd3 16. Rd1 O-O-O 17. Be3 Nc4 18. b3 Nxe3 19. Kxe3 Bc5+ 20. Nd4 Bc2 21. Rd2 Bg6 22. a3 f6 23. b4 Ba7 24. g3 fxe5 25. fxe5 Rd5 0-1


[Site "https://www.chess.com"]

[Event "Titled Tuesday Blitz January 31 Late 2023"]
[White "Lenderman, Aleksandr"]
[Black "Ronka, Erik"]
[WhiteFideId "2021285"]
[BlackFideId "505080"]
[WhiteElo "2572"]
[BlackElo "2276"]
[Result "1/2-1/2"]
[Round "01"]
[TimeControl "180+2"]
[Date "2023.01.31"]
[WhiteClock "0:00:08"]
[BlackClock "0:00:08"]

1. Nf3 d5 2. e3 Nf6 3. c4 c6 4. d4 Bf5 5. Bd3 Bxd3 6. Qxd3 e6 7. O-O Be7 8. Nc3 O-O 9. e4 dxe4 10. Nxe4 Nxe4 11. Qxe4 Nd7 12. Rd1 Re8 13. Bf4 Qb6 14. Qe2 Nf8 15. Rd3 Ng6 16. Be3 Qc7 17. Rad1 Rad8 18. Bc1 Bf6 19. Qe4 c5 20. dxc5 Rxd3 21. Rxd3 Qxc5 22. b3 Qc7 23. g3 b6 24. h4 h6 25. h5 Ne7 26. Bf4 Qc8 27. Be5 Bxe5 28. Nxe5 Rd8 29. Rxd8+ Qxd8 30. Kg2 f6 31. Nc6 Qd7 32. Nxe7+ Qxe7 33. g4 Qf7 34. Qa8+ Kh7 35. Qe4+ f5 36. Qd3 Qf6 37. b4 Qg5 38. f3 Kg8 39. Qe2 Kf7 40. c5 bxc5 41. b5 fxg4 42. fxg4 Qd5+ 43. Kg3 c4 44. Qf2+ Kg8 45. a4 Qd3+ 46. Kh4 c3 47. b6 Qd8+ 48. Kh3 axb6 49. Qe3 Kf7 50. Qxc3 Qd7 51. Qf3+ Kg8 52. Qe4 Qd5 53. Qe3 Qd6 54. Qf3 Kh7 55. Qe4+ Kg8 56. Qc4 Qd5 57. Qc8+ Kh7 58. Qc2+ Kg8 59. Qe2 e5 60. Qe3 Qd4 61. Qb3+ Kh7 62. Kg3 e4 63. Kf4 e3+ 64. Kf3 e2 65. Qc2+ Kg8 66. Qc8+ Kh7 67. Qf5+ Kg8 68. Qe6+ Kh7 69. Qg6+ Kg8 70. Qe8+ Kh7 71. Kxe2 Qxg4+ 72. Kd3 Qb4 73. Qg6+ Kg8 74. Qe6+ Kh7 75. Qe8 Qb3+ 76. Kd4 Qb4+ 77. Kd5 Qc5+ 78. Ke4 Qb4+ 79. Kf5 Qc5+ 80. Kf4 Qg5+ 81. Ke4 Qc5 82. Qg6+ Kg8 83. Qe8+ Kh7 84. Qg6+ Kg8 85. Qe8+ Kh7 1/2-1/2


[Site "https://www.chess.com"]

[Event "Titled Tuesday Blitz January 31 Late 2023"]
[White "Svane, Rasmus"]
[Black "Koutlas, Nikolaos"]
[WhiteFideId "4657101"]
[BlackFideId "25827138"]
[WhiteElo "2623"]
[BlackElo "2341"]
[Result "1-0"]
[Round "01"]
[TimeControl "180+2"]
[Date "2023.01.31"]
[WhiteClock "0:00:42"]
[BlackClock "0:00:01"]

1. Nf3 Nf6 2. g3 g6 3. Bg2 Bg7 4. O-O O-O 5. d4 d6 6. Re1 c6 7. e4 Bg4 8. Nbd2 e5 9. dxe5 dxe5 10. h3 Bxf3 11. Qxf3 Nbd7 12. a4 Nc5 13. a5 Bh6 14. Qc3 Qd4 15. Qxd4 exd4 16. f4 Rfe8 17. e5 Nd5 18. Ne4 Nxe4 19. Bxe4 Ne3 20. c3 c5 21. Bxe3 dxe3 22. Rxe3 Rxe5 23. Rae1 Re6 24. a6 Rd8 25. axb7 Rb6 26. Bd5 Bf8 27. Re8 Rxd5 28. b8=Q Rxb8 29. Rxb8 Kg7 30. Re2 c4 31. Kg2 Bc5 32. h4 h5 33. Rc8 Kf6 34. Kh3 Bb6 35. Rxc4 Rd1 36. b4 Kf5 37. Re5+ Kf6 38. Rc6+ Kg7 39. c4 Bd4 40. Rd5 Rd2 41. Rcd6 1-0


[Site "https://www.chess.com"]

[Event "Titled Tuesday Blitz January 31 Late 2023"]
[White "Rasulov, Vugar"]
[Black "Ladan, Nicholas"]
[WhiteFideId "13402390"]
[BlackFideId "30918855"]
[WhiteElo "2523"]
[BlackElo "2228"]
[Result "1-0"]
[Round "01"]
[TimeControl "180+2"]
[Date "2023.01.31"]
[WhiteClock "0:01:19"]
[BlackClock "0:00:02"]

1. Nf3 d5 2. c4 e6 3. e3 Nf6 4. Nc3 b6 5. cxd5 Nxd5 6. d4 Bb7 7. Bb5+ c6 8. Bd3 Be7 9. Nxd5 cxd5 10. Bb5+ Nd7 11. Ne5 Bc8 12. Nc6 Qc7 13. Nxe7 Kxe7 14. O-O Rd8 15. Bd2 Kf8 16. Rc1 Qb8 17. Qc2 a6 18. Bxd7 Bxd7 19. Qxh7 Qd6 20. e4 f6 21. Rfe1 dxe4 22. Rxe4 Rac8 23. Rce1 Kf7 24. Rg4 Rg8 25. Qg6+ Ke7 26. d5 e5 27. Bb4 Rc5 28. Rg3 Be8 29. Qh7 Bf7 30. Bxc5 bxc5 31. Rxg7 Rxg7 32. Qxg7 Qxd5 33. h4 Qxa2 34. h5 Qxb2 35. h6 Qd2 36. Rf1 c4 37. h7 c3 38. h8=Q c2 39. Qhf8+ Kd7 40. Qgxf7+ Kc6 41. Qc4+ Kb6 42. Qfc5+ 1-0


[Site "https://www.chess.com"]

[Event "Titled Tuesday Blitz January 31 Late 2023"]
[White "Babazada, Khazar"]
[Black "Jeet, Jain"]
[WhiteFideId "13413554"]
[BlackFideId "5073022"]
[WhiteElo "2474"]
[BlackElo "2199"]
[Result "1-0"]
[Round "01"]
[TimeControl "180+2"]
[Date "2023.01.31"]
[WhiteClock "0:01:22"]
[BlackClock "0:00:18"]

1. Nf3 c5 2. c4 Nc6 3. Nc3 Nf6 4. g3 e6 5. Bg2 d5 6. cxd5 Nxd5 7. d4 Be7 8. e4 Nxc3 9. bxc3 cxd4 10. cxd4 Bb4+ 11. Bd2 Qa5 12. a3 Bxd2+ 13. Qxd2 Qxd2+ 14. Kxd2 Ke7 15. Ke3 b6 16. Rac1 Bb7 17. d5 exd5 18. exd5 Na5 19. Nd4 Rac8 20. Nf5+ Kf6 21. Nd6 Rxc1 22. Rxc1 Rd8 23. Ne4+ Ke7 24. d6+ Ke8 25. Rc7 Rd7 26. Bh3 Rd8 27. Re7+ Kf8 28. Ng5 Nc4+ 29. Kf4 Nxd6 30. Rc7 h6 31. Nxf7 Nxf7 32. Rxb7 a5 33. Rxb6 Rd4+ 34. Ke3 Ra4 35. Rb3 Nd6 36. Bf1 Nc4+ 37. Bxc4 Rxc4 38. Kd3 Rc5 39. a4 Rd5+ 40. Kc4 Rh5 41. h4 Rf5 42. f4 Rf6 43. Kb5 Rf5+ 44. Ka6 Rd5 45. Rb5 Rd3 46. Kxa5 Rxg3 47. Kb6 Rg4 48. a5 Rxf4 49. a6 Rf6+ 50. Ka5 Rf1 51. a7 Ra1+ 52. Kb6 Rxa7 53. Kxa7 Kf7 54. Kb6 Kf6 55. Kc5 g5 56. Kd4 gxh4 57. Ke3 Kg6 58. Kf3 h5 59. Kg2 1-0


[Site "https://www.chess.com"]

[Event "Titled Tuesday Blitz January 31 Late 2023"]
[White "Carbone, Diego"]
[Black "Dardha, Daniel"]
[WhiteFideId "3002179"]
[BlackFideId "240990"]
[WhiteElo "2336"]
[BlackElo "2631"]
[Result "0-1"]
[Round "01"]
[TimeControl "180+2"]
[Date "2023.01.31"]
[WhiteClock "0:00:06"]
[BlackClock "0:00:15"]

1. d4 d5 2. c4 c6 3. Nf3 Nf6 4. e3 Bf5 5. Nc3 e6 6. Nh4 Bg6 7. Be2 Nbd7 8. O-O Be7 9. g3 a6 10. b3 Ne4 11. Nxe4 Bxe4 12. Ng2 h6 13. Bd3 Bxd3 14. Qxd3 Nf6 15. Nf4 O-O 16. Bb2 Bd6 17. Qc2 Ne4 18. Nd3 Qe7 19. Kg2 Rac8 20. Rad1 Nf6 21. Rfe1 Rfd8 22. Rc1 Qe8 23. f3 Nd7 24. c5 Bb8 25. e4 dxe4 26. fxe4 e5 27. d5 cxd5 28. exd5 Nxc5 29. Nxc5 Rxd5 30. Qf2 Ba7 31. b4 a5 32. a3 axb4 33. axb4 Qb5 34. Qe2 Qxb4 35. Ne4 Rcd8 36. Bc3 Qe7 37. Rcd1 Qe6 38. Rxd5 Rxd5 39. Qf3 f5 40. Nf2 e4 41. Qf4 Qc6 42. Rc1 e3 0-1


[Site "https://www.chess.com"]

[Event "Titled Tuesday Blitz January 31 Late 2023"]
[White "Drygalov, Sergey"]
[Black "Kochetov, Andrey"]
[WhiteFideId "24171743"]
[BlackFideId "24130532"]
[WhiteElo "2547"]
[BlackElo "2165"]
[Result "1-0"]
[Round "01"]
[TimeControl "180+2"]
[Date "2023.01.31"]
[WhiteClock "0:02:14"]
[BlackClock "0:00:07"]

1. d4 Nf6 2. c4 e6 3. Nc3 c5 4. d5 exd5 5. cxd5 d6 6. e4 g6 7. h3 Bg7 8. Nf3 O-O 9. Bd3 Re8 10. O-O c4 11. Bc2 b5 12. Nxb5 Nxe4 13. Re1 f5 14. Bxe4 fxe4 15. Ng5 Qb6 16. a4 a6 17. Be3 Qd8 18. Nd4 Bb7 19. Nde6 Qa5 20. Nxg7 Kxg7 21. Bd4+ Kg8 22. Rxe4 Nd7 23. Qg4 Nf8 24. Nxh7 Kxh7 25. Qh4+ Kg8 26. Qh8+ Kf7 27. Qg7# 1-0


[Site "https://www.chess.com"]

[Event "Titled Tuesday Blitz January 31 Late 2023"]
[White "Ekdyshman, Mikhail"]
[Black "Zierk, Steven"]
[WhiteFideId "4149416"]
[BlackFideId "2034255"]
[WhiteElo "2264"]
[BlackElo "2488"]
[Result "0-1"]
[Round "01"]
[TimeControl "180+2"]
[Date "2023.01.31"]
[WhiteClock "0:00:01"]
[BlackClock "0:00:06"]

1. d4 e6 2. Nf3 f5 3. h3 Nf6 4. c4 d5 5. Nc3 c6 6. Bg5 Bd6 7. Qc2 Nbd7 8. g4 g6 9. gxf5 gxf5 10. O-O-O O-O 11. Bh6 Kh8 12. Bxf8 Qxf8 13. Rg1 Ne4 14. e3 Ndf6 15. Ne5 Nxc3 16. Qxc3 Bd7 17. f3 Be8 18. c5 Bxe5 19. dxe5 Nd7 20. b4 a5 21. a3 b6 22. cxb6 axb4 23. axb4 c5 24. b7 Rb8 25. Ba6 cxb4 26. Qc8 Qc5+ 27. Qxc5 Nxc5 28. Be2 Rxb7 29. Kd2 Ba4 30. Rb1 h6 31. Bd1 Be8 32. Be2 Na4 33. Rb3 Nc3 34. Rc1 Ba4 35. Rb2 Kg7 36. Bd3 Kf7 37. Bf1 Ke7 38. Bd3 Kd8 39. Rg1 Be8 40. Rg8 h5 41. Rh8 Ke7 42. Ke1 b3 43. Rh7+ Bf7 44. Be2 Na4 45. Rb1 b2 46. Bd3 Nc3 47. Kd2 Nxb1+ 48. Bxb1 Kf8 49. Kc2 Kg8 50. Rh6 Kg7 51. Rf6 Rb4 52. f4 h4 53. Kc3 Rb8 54. Kc2 Rb7 55. Kc3 Rb8 56. Kc2 Bg8 57. Kc3 Rb6 58. Kc2 Rb4 59. Kc3 Ra4 60. Kxb2 d4 61. e4 Rb4+ 62. Kc1 Rxb1+ 63. Kxb1 fxe4 64. Kc2 e3 65. Kd3 Bh7+ 66. Ke2 Bf5 67. Kf3 Bxh3 0-1


[Site "https://www.chess.com"]

[Event "Titled Tuesday Blitz January 31 Late 2023"]
[White "Goncalves, Davi Sulzbacher"]
[Black "Chigaev, Maksim"]
[WhiteFideId "2154510"]
[BlackFideId "4108116"]
[WhiteElo "2282"]
[BlackElo "2628"]
[Result "0-1"]
[Round "01"]
[TimeControl "180+2"]
[Date "2023.01.31"]
[WhiteClock "0:00:04"]
[BlackClock "0:00:28"]

1. d4 Nf6 2. c4 g6 3. Nc3 Bg7 4. e4 O-O 5. Nf3 d6 6. Be2 e5 7. d5 a5 8. Bg5 h6 9. Bh4 Na6 10. Nd2 Qe8 11. O-O Bd7 12. b3 h5 13. a3 Nh7 14. f3 Bh6 15. Kh1 Be3 16. Rb1 Nc5 17. Qc2 f5 18. b4 axb4 19. axb4 Na6 20. exf5 gxf5 21. Bd3 Kh8 22. Rfe1 Bf4 23. Nf1 Qg6 24. c5 Rg8 25. c6 bxc6 26. dxc6 Be6 27. g3 Bg5 28. Bxg5 Nxg5 29. Qf2 h4 30. f4 Nh3 31. Qg2 Nxf4 32. Qf2 Nxd3 0-1


[Site "https://www.chess.com"]

[Event "Titled Tuesday Blitz January 31 Late 2023"]
[White "Papayan, Oleg"]
[Black "Mosadeghpour, Masoud"]
[WhiteFideId "4193911"]
[BlackFideId "12519278"]
[WhiteElo "2253"]
[BlackElo "2472"]
[Result "0-1"]
[Round "01"]
[TimeControl "180+2"]
[Date "2023.01.31"]
[WhiteClock "0:00:01"]
[BlackClock "0:01:42"]

1. d4 Nf6 2. Nf3 e6 3. Bf4 d5 4. c3 Bd6 5. e3 Bxf4 6. exf4 O-O 7. Bd3 c5 8. dxc5 Qc7 9. g3 Qxc5 10. O-O b6 11. Nbd2 Ba6 12. Nb3 Qd6 13. Re1 Bxd3 14. Qxd3 Nbd7 15. Rad1 Rac8 16. Ne5 Nc5 17. Qe3 Nxb3 18. axb3 Qc5 19. Ra1 Qxe3 20. fxe3 Rc7 21. Ra4 Ne4 22. Rea1 a5 23. b4 axb4 24. Rxb4 f6 25. Nd3 Rb8 26. Ra6 Rc6 27. Kf1 Nd2+ 28. Ke2 Nc4 29. Rb5 h5 30. Nb4 Rc5 31. Rxc5 bxc5 32. Nd3 Nxb2 33. Rxe6 Na4 34. Kd2 c4 35. Nb4 Nc5 36. Re7 Ra8 37. Rc7 Ne4+ 38. Kc2 Ra3 39. Nxd5 Ra2+ 40. Kb1 Rd2 41. Ne7+ Kh7 42. Kc1 Rxh2 43. Rxc4 Nxg3 44. f5 h4 45. Rg4 Nf1 0-1


[Site "https://www.chess.com"]

[Event "Titled Tuesday Blitz January 31 Late 2023"]
[White "Yoo, Christopher Woojin"]
[Black "Travadon, Loic"]
[WhiteFideId "30909694"]
[BlackFideId "26092131"]
[WhiteElo "2607"]
[BlackElo "2461"]
[Result "1-0"]
[Round "01"]
[TimeControl "180+2"]
[Date "2023.01.31"]
[WhiteClock "0:00:03"]
[BlackClock "0:00:06"]

1. d4 Nf6 2. Nf3 d5 3. Bf4 e6 4. e3 Bd6 5. Ne5 O-O 6. Bd3 c5 7. c3 Nc6 8. Nd2 Qc7 9. Ndf3 Ne7 10. O-O Ng6 11. Bg3 b6 12. Qe2 Bb7 13. Rfd1 Rad8 14. Nxg6 hxg6 15. Bxd6 Rxd6 16. Ne5 Ne4 17. f3 Nf6 18. Qf2 Qe7 19. h4 Nd7 20. f4 Rc8 21. Qg3 cxd4 22. exd4 b5 23. Qh3 Nf6 24. a4 b4 25. cxb4 Rb6 26. b5 Qb4 27. Qe3 a5 28. Rdc1 Qxb2 29. Rxc8+ Bxc8 30. Rc1 Bd7 31. Rc7 Rd6 32. Kh2 Qb4 33. Qc1 Qxa4 34. Rc8+ Kh7 35. Qc7 Qxd4 36. Qxd6 Bxc8 37. Be2 Qxf4+ 38. Kg1 Ng4 39. Bxg4 Qc1+ 40. Kh2 Qf4+ 41. Kh3 f6 42. Nf7 Qe3+ 43. Kh2 e5 44. Bxc8 Qf4+ 45. Kh3 Qe3+ 46. g3 Qf3 47. Ng5+ fxg5 48. Qxe5 Qf1+ 49. Kg4 Qd1+ 50. Kxg5 Qh5+ 51. Kf4 1-0


[Site "https://www.chess.com"]

[Event "Titled Tuesday Blitz January 31 Late 2023"]
[White "Paravyan, David"]
[Black "Mortazavi, Ali"]
[WhiteFideId "4194985"]
[BlackFideId "401323"]
[WhiteElo "2601"]
[BlackElo "2333"]
[Result "1-0"]
[Round "01"]
[TimeControl "180+2"]
[Date "2023.01.31"]
[WhiteClock "0:00:19"]
[BlackClock "0:00:09"]

1. Nf3 Nf6 2. c4 g6 3. Nc3 Bg7 4. e4 d6 5. d4 O-O 6. Be3 Bg4 7. Be2 Nbd7 8. Ng1 e5 9. Bxg4 Nxg4 10. Qxg4 exd4 11. Bg5 f6 12. Bd2 dxc3 13. Bxc3 f5 14. exf5 Bxc3+ 15. bxc3 Qe8+ 16. Ne2 Rxf5 17. f4 Qe3 18. Qg3 Qe7 19. Kf2 Nf6 20. Qf3 Ne4+ 21. Kg1 Nd2 22. Qd3 Re8 23. Nd4 Qe3+ 24. Qxe3 Rxe3 25. Nxf5 gxf5 26. Kf2 Nxc4 27. Rac1 Re4 28. g3 d5 29. Rhe1 Kf7 30. Rb1 b6 31. Rbd1 Ke6 32. g4 c6 33. gxf5+ Kxf5 34. Rxe4 dxe4 35. Rd7 Kxf4 36. Rf7+ Ke5 37. Rxh7 a5 38. h4 Nd6 39. h5 Nf5 40. h6 Kf6 41. Rh8 c5 42. h7 Kg7 43. Rf8 1-0


[Site "https://www.chess.com"]

[Event "Titled Tuesday Blitz January 31 Late 2023"]
[White "Senthilkumar, Pranav"]
[Black "Predke, Alexandr"]
[WhiteFideId "2083477"]
[BlackFideId "24107581"]
[WhiteElo "1854"]
[BlackElo "2685"]
[Result "0-1"]
[Round "01"]
[TimeControl "180+2"]
[Date "2023.01.31"]
[WhiteClock "0:00:08"]
[BlackClock "0:00:06"]

1. d4 Nf6 2. c4 e6 3. Nf3 b6 4. g3 Bb7 5. Bg2 Bb4+ 6. Bd2 Be7 7. O-O c6 8. Bf4 d5 9. Ne5 O-O 10. Nc3 Nbd7 11. cxd5 exd5 12. Rc1 Re8 13. Qc2 Nxe5 14. Bxe5 Ng4 15. Bf4 Bd6 16. Qf5 Bc8 17. Qg5 Be7 18. Qh5 g6 19. Qh3 Nxf2 20. Qh6 Ng4 21. Qh3 Ne3 22. Qh6 Bf8 23. Bxe3 Bxh6 24. Bxh6 Bf5 25. Rf2 Qd7 26. Rcf1 b5 27. h3 Bxh3 28. Rxf7 Qxf7 29. Rxf7 Kxf7 30. Bxh3 b4 31. Na4 Rxe2 32. Bd7 Rc2 33. Nc5 Rxb2 34. Bxc6 Rd8 35. Nd7 Ke6 36. Nc5+ Kd6 37. Bb5 Rc8 38. Bf4+ Ke7 39. Bg5+ Kf7 40. Bd7 Rc7 41. Be6+ Ke8 42. Bxd5 a5 43. Bf4 Re7 44. Bc6+ Kf7 45. Bd5+ Kg7 46. Be5+ Kh6 47. Bf4+ g5 48. Be5 Rc2 49. Ne4 a4 50. Bf6 Rxe4 51. Bxe4 Re2 52. Bd5 b3 53. axb3 a3 54. b4 a2 55. Bxa2 Rxa2 56. Be5 Rb2 57. Bd6 Kg6 58. Bc5 Kf5 59. d5 Ke5 60. d6 Ke6 61. Kf1 h5 62. Kg1 Kd7 63. Kf1 Kc6 64. Kg1 Rd2 65. Kf1 Kd7 66. Kg1 Ke6 67. Kf1 Kf5 68. Kg1 Kg4 69. Kf1 Kf3 70. Ke1 Rd5 71. Kf1 Rd1# 0-1


[Site "https://www.chess.com"]

[Event "Titled Tuesday Blitz January 31 Late 2023"]
[White "Tari, Aryan"]
[Black "Matko, Ognjen"]
[WhiteFideId "1510045"]
[BlackFideId "14509717"]
[WhiteElo "2642"]
[BlackElo "2295"]
[Result "1-0"]
[Round "01"]
[TimeControl "180+2"]
[Date "2023.01.31"]
[WhiteClock "0:01:27"]
[BlackClock "0:00:12"]

1. c3 d5 2. d4 Nf6 3. Nf3 c6 4. Bf4 Bf5 5. e3 Qb6 6. Qb3 e6 7. h3 h6 8. Be2 Nbd7 9. O-O Be7 10. c4 Qxb3 11. axb3 O-O 12. c5 a6 13. b4 Ne4 14. Nc3 Rac8 15. Nxe4 Bxe4 16. Nd2 Bh7 17. Nb3 Rfe8 18. Na5 e5 19. dxe5 Bf8 20. Nxb7 Nxe5 21. Bxa6 Bd3 22. Rfd1 Bxa6 23. Rxa6 g5 24. Bg3 h5 25. Na5 Nc4 26. Nxc6 Nxb2 27. Rxd5 f6 28. Bd6 Ra8 29. b5 Nc4 30. Bxf8 Kxf8 31. Rxa8 Rxa8 32. b6 Ra1+ 33. Kh2 Rb1 34. Rd4 Ne5 35. Nxe5 fxe5 36. Rd5 Rb2 37. Rxe5 1-0


[Site "https://www.chess.com"]

[Event "Titled Tuesday Blitz January 31 Late 2023"]
[White "Oparin, Grigoriy"]
[Black "Gasparyan, David"]
[WhiteFideId "24125890"]
[BlackFideId "13311980"]
[WhiteElo "2667"]
[BlackElo "2142"]
[Result "1-0"]
[Round "01"]
[TimeControl "180+2"]
[Date "2023.01.31"]
[WhiteClock "0:01:33"]
[BlackClock "0:01:03"]

1. e4 c5 2. Nf3 Nc6 3. Bb5 Qb6 4. Nc3 e6 5. O-O Nge7 6. Re1 a6 7. Bf1 Qc7 8. b3 Ng6 9. Bb2 Bd6 10. Ne2 Nce5 11. Nxe5 Bxe5 12. Bxe5 Nxe5 13. d4 cxd4 14. Qxd4 O-O 15. c4 b6 16. Rad1 Ng4 17. Qd6 Qc5 18. Qxc5 bxc5 19. Nc3 f5 20. f3 Ne5 21. Na4 fxe4 22. Rxe4 Rf5 23. Re3 d5 24. cxd5 exd5 25. Nxc5 d4 26. Rxd4 Nxf3+ 27. Rxf3 Rxc5 28. Rd8# 1-0


[Site "https://www.chess.com"]

[Event "Titled Tuesday Blitz January 31 Late 2023"]
[White "Novikov, Evgenij"]
[Black "Kamsky, Gata"]
[WhiteFideId "4125380"]
[BlackFideId "2000024"]
[WhiteElo "2276"]
[BlackElo "2665"]
[Result "0-1"]
[Round "01"]
[TimeControl "180+2"]
[Date "2023.01.31"]
[WhiteClock "0:00:02"]
[BlackClock "0:00:30"]

1. d4 d5 2. c4 c6 3. cxd5 cxd5 4. Nc3 Nf6 5. Nf3 Nc6 6. Bf4 Bf5 7. e3 e6 8. Bd3 Bxd3 9. Qxd3 Bd6 10. Bxd6 Qxd6 11. O-O O-O 12. Rac1 Rfc8 13. a3 h6 14. Rc2 Nd7 15. Rfc1 Nb6 16. Nd2 a6 17. h3 Na5 18. Ne2 Nac4 19. Nb3 Nd7 20. e4 b5 21. e5 Qf8 22. f4 f5 23. g4 g6 24. gxf5 Qxf5 25. Qxf5 gxf5 26. Kf2 Kf7 27. Rg1 a5 28. Nbc1 a4 29. Ng3 Na5 30. Rd2 Rg8 31. Nce2 Rac8 32. Rc1 Nb3 33. Rxc8 Rxc8 34. Rd1 Rc2 35. Nf1 Nb6 36. Ne3 Rxb2 37. Kf3 Nc4 38. Nxc4 bxc4 39. Nc3 Nd2+ 40. Ke3 Ne4 41. Nxa4 Rb3+ 42. Ke2 Rxa3 0-1


[Site "https://www.chess.com"]

[Event "Titled Tuesday Blitz January 31 Late 2023"]
[White "Hansen, Eric"]
[Black "Bochnicka, Vladimir"]
[WhiteFideId "2606771"]
[BlackFideId "14943450"]
[WhiteElo "2609"]
[BlackElo "2327"]
[Result "1-0"]
[Round "01"]
[TimeControl "180+2"]
[Date "2023.01.31"]
[WhiteClock "0:01:37"]
[BlackClock "0:01:07"]

1. Nf3 c5 2. c4 Nc6 3. Nc3 g6 4. e3 Nf6 5. d4 cxd4 6. exd4 d5 7. cxd5 Nxd5 8. Bc4 e6 9. O-O Bg7 10. Bxd5 exd5 11. Re1+ Be6 12. Bg5 Qa5 13. Qd2 O-O 14. Bh6 Rac8 15. h3 Rfd8 16. Bxg7 Kxg7 17. Rad1 Qb6 18. a3 Na5 19. Na4 Qb5 20. Nc5 Nb3 21. Nxe6+ fxe6 22. Qe3 Rc6 23. Ne5 Rc2 24. Ng4 Rf8 25. Qe5+ Kg8 26. Nh6# 1-0


[Site "https://www.chess.com"]

[Event "Titled Tuesday Blitz January 31 Late 2023"]
[White "Melkumyan, Hrant"]
[Black "Drnovsek, Gal"]
[WhiteFideId "13302485"]
[BlackFideId "14607077"]
[WhiteElo "2645"]
[BlackElo "2397"]
[Result "1-0"]
[Round "01"]
[TimeControl "180+2"]
[Date "2023.01.31"]
[WhiteClock "0:01:23"]
[BlackClock "0:00:44"]

1. c4 g6 2. e4 Bg7 3. d4 c5 4. d5 d6 5. Nc3 a5 6. Bd3 b6 7. Nf3 Ba6 8. O-O Nd7 9. Re1 e5 10. dxe6 fxe6 11. Bf4 Qe7 12. Bc2 Ne5 13. Ba4+ Kf8 14. Bb5 Bb7 15. Bg3 Nh6 16. Nd2 Nd3 17. Qf3+ Nf7 18. Qxd3 h5 19. h3 g5 20. Rad1 g4 21. h4 Bf6 22. Nf1 Bxh4 23. Bxd6 Nxd6 24. Qxd6 Rh7 25. Ng3 Bg5 26. e5 h4 27. Nge4 Bf4 28. Nf6 Rg7 29. Nce4 h3 30. g3 Bh6 31. Kh2 Rf7 32. Bc6 Bxc6 33. Qxc6 Ra7 34. Rd6 Rc7 35. Qa8+ 1-0


[Site "https://www.chess.com"]

[Event "Titled Tuesday Blitz January 31 Late 2023"]
[White "Zhigalko, Sergei"]
[Black "Arencibia Monduy, Antonio"]
[WhiteFideId "13502956"]
[BlackFideId "3507939"]
[WhiteElo "2572"]
[BlackElo "2122"]
[Result "1-0"]
[Round "01"]
[TimeControl "180+2"]
[Date "2023.01.31"]
[WhiteClock "0:01:20"]
[BlackClock "0:01:32"]

1. e4 e6 2. d4 d5 3. e5 c5 4. c3 Nc6 5. Nf3 cxd4 6. cxd4 Nge7 7. Nc3 Nf5 8. a3 Qb6 9. Na4 Qd8 10. b4 a6 11. Bb2 Be7 12. Bd3 O-O 13. O-O Bd7 14. Nc5 Bxc5 15. dxc5 Nce7 16. Re1 Bb5 17. Bc2 a5 18. a4 Bc4 19. b5 Rc8 20. Ba3 Ng6 21. Bxf5 exf5 22. c6 Re8 23. cxb7 Rb8 24. Nd4 Rxb7 25. Nxf5 Rxe5 26. Nd6 Rxe1+ 27. Qxe1 Rd7 28. Nf5 d4 29. Rd1 d3 30. Qc3 Be6 31. Qxg7# 1-0


[Site "https://www.chess.com"]

[Event "Titled Tuesday Blitz January 31 Late 2023"]
[White "Hajiyev, Kanan"]
[Black "Jones, Gawain C B"]
[WhiteFideId "13404148"]
[BlackFideId "409561"]
[WhiteElo "2197"]
[BlackElo "2618"]
[Result "0-1"]
[Round "01"]
[TimeControl "180+2"]
[Date "2023.01.31"]
[WhiteClock "0:00:04"]
[BlackClock "0:00:09"]

1. d4 Nf6 2. Nf3 g6 3. g3 c5 4. c3 b6 5. Bg2 Bb7 6. O-O Bg7 7. Bg5 O-O 8. Nbd2 h6 9. Bxf6 Bxf6 10. e4 d6 11. Qe2 cxd4 12. Nxd4 Nc6 13. Nxc6 Bxc6 14. Rfe1 Rc8 15. Nf3 Qc7 16. Nd4 Bb7 17. Nb5 Qb8 18. Rad1 Rc5 19. Nd4 Rfc8 20. Nc2 b5 21. Ne3 e6 22. Qd2 Be7 23. h4 h5 24. a3 Qa8 25. Nc2 a5 26. Kh2 Rc4 27. f3 Qa6 28. Bf1 R4c5 29. a4 d5 30. axb5 Qb6 31. e5 d4 32. Nxd4 Rd8 33. Qe3 Rcd5 34. Rd2 Bc5 35. Red1 Qc7 36. f4 R5d7 37. Bg2 Bxg2 38. Kxg2 Bxd4 39. Rxd4 Qb7+ 40. Qf3 Qxb5 41. Rxd7 Rxd7 42. Rxd7 Qxd7 43. Qe2 Qb7+ 44. Kh2 Qb3 45. Qd2 Kg7 46. Kg2 a4 47. Kf2 Qb6+ 48. Kg2 Kg8 49. Kh2 Qb7 50. Qc2 Qb5 51. c4 Qc6 52. c5 Kf8 53. Qc4 Qf3 54. Qd4 Ke7 55. Qd6+ Ke8 56. Qb8+ Ke7 57. Qd6+ Ke8 58. c6 Qf2+ 59. Kh3 Qg1 60. Qd7+ Kf8 61. Qd8+ Kg7 62. Qf6+ Kg8 63. Qd8+ Kh7 64. Qd2 Qh1+ 65. Qh2 Qxc6 66. Qg2 Qc1 67. Kh2 Kg7 68. Qe2 Qc6 69. Kh3 Qh1+ 70. Qh2 Qb1 71. Qg2 Qa2 72. Qb7 Qc4 73. Kh2 Qe2+ 74. Qg2 Qd1 75. Qf2 Kg8 76. Kg2 Qd5+ 77. Kh2 Qb5 78. Qg2 Kf8 79. Qd2 Ke8 80. Kg2 Qd7 81. Qxd7+ Kxd7 82. Kf3 Kc6 83. Ke4 Kc5 84. Kd3 Kb4 85. Kc2 Kc4 86. Kd2 Kd4 87. Kc2 Ke3 88. Kc3 Kf3 89. Kb4 Kxg3 90. Kxa4 Kxh4 91. b4 Kg3 92. b5 h4 93. b6 h3 94. b7 h2 95. b8=Q h1=Q 96. Qf8 Qe4+ 97. Kb5 Qf5 98. Kc6 Kxf4 99. Kd6 Qxe5+ 100. Kd7 Qd5+ 101. Ke8 Qa8+ 102. Kxf7 Qxf8+ 0-1


[Site "https://www.chess.com"]